cohdb
Replays
Latest Replays
All Replays
Popular Replays
Top Player Replays
Match Explorer
How It Works
Community
CoH3 Stats
Reddit
Sign in to upload your games and track your stats! →
Sign in with Steam
Match 45886229
Unlisted
Match 45886229
Overview
Messages
Build Orders
End
Kettenkrad Recon Vehicle
Construct Infanterie Kompanie
Selects Italian Coastal Battlegroup
Selects Coastal Reserves
Coastal Reserve
Coastal Reserve
Construct Infanterie Kompanie
Construct Luftwaffe Kompanie
Jäger Squad
Medical Bunker
Support Elements
Pioneer Squad
Jäger Squad
Wirbelwind Flakpanzer
Luftwaffe Officer Quarters
Selects Artillery Officer
Selects Coastal Wall
Jäger Squad
Marder III M Tank Destroyer
GG Shermi
常山造纸龙
simiver
Qhunter
DebaKLeTV
Valieriumborn
0
0
Comments
sign in to comment!
No comments posted yet!